 Dungeon Sprint DCSS version 0.30.1-11-g7821555f0a (webtiles) character file.

Game seed: 17189113050370014852

9114 Heoruswealwe the Nimble (level 10, -6/87 HPs)
             Began as a Demigod Hunter on Dec 15, 2023.
             Mangled by an eight-headed hydra (8 damage)
             ... in the Dungeon (Sprint V: "Ziggurat Sprint").
             The game lasted 00:21:59 (667 turns).

Heoruswealwe the Nimble (Demigod Hunter)             Turns: 667, Time: 00:22:00

Health: -6/87      AC: 30    Str: 12    XL:     10   Next: 99%
Magic:  13/13      EV:  6    Int: 11    God:
Gold:   0          SH:  0    Dex: 39    Spells: 9/9 levels left

rFire   x . .        b - +9 sword of Zonguldrok {reap}
rCold   + . .        d - +18 shield of the Gong {Loud rN+ Will+ rCorr EV-5}
rNeg    + . .        c - +15 Maxwell's patent armour {-Cast -Tele rElec Will+ rCorr}
rPois   .            (no helmet)
rElec   +            (no cloak)
rCorr   +            (no gloves)
SInv    .            (no boots)
Will    +++..        i - amulet "Megoydef" {Fly Regen+ Stlth+} Stlth
                     k - +6 ring of dexterity
HPRegen 1.14/turn    j - +6 ring of dexterity
MPRegen 0.13/turn

%: no teleportation, no spellcasting
@: confused, mighty, flying, hasted, studying 2 skills, unable to drink, very
quick
A: high MP 1, forlorn, divine attributes, clumsy 1, cold resistance 1, frail 1,
heat vulnerability 1, inability to drink after injury 1
a: no special abilities


You were in the Dungeon.
You visited 1 branch

Inventory:

Hand Weapons
 a - the +11 Singing Sword {sonic wave}
   (You found it in the Dungeon)
 b - the +9 sword of Zonguldrok (weapon) {reap}
   (You found it in the Dungeon)
 g - the +11 plutonium sword {Contam Stlth-}
   (You found it in the Dungeon)

   Contam:    It causes magical contamination when unequipped.
   Stlth:     It makes you less stealthy.
 u - the +9 sword of Power {lifebolt}
   (You found it in the Dungeon)
Armour
 c - the +15 Maxwell's patent armour (worn) {-Cast -Tele rElec Will+ rCorr}
   (You found it in the Dungeon)

   rElec:     It insulates you from electricity.
   -Cast:     It prevents spellcasting.
   -Tele:     It prevents most forms of teleportation.
   rCorr:     It protects you from acid and corrosion.
   Will:      It increases your willpower.
 d - the +18 shield of the Gong (worn) {Loud rN+ Will+ rCorr EV-5}
   (You found it in the Dungeon)

   Loud:      It is deafeningly noisy when blocking attacks.
   EV:        It affects your evasion (-5).
   rN:        It protects you from negative energy.
   rCorr:     It protects you from acid and corrosion.
   Will:      It increases your willpower.
 v - a +5 crystal plate armour
 w - +5 gold dragon scales
Jewellery
 i - the amulet "Megoydef" (around neck) {Fly Regen+ Stlth+}
   (You found it in the Dungeon)

   [amulet of regeneration]

   Fly:       It grants you flight.
   Regen:     It increases your rate of health regeneration.
   Stlth:     It makes you more stealthy.
 j - a +6 ring of dexterity (right hand)
 k - a +6 ring of dexterity (left hand)
Wands
 l - a wand of paralysis (10)
 m - a wand of mindburst (7)
 n - a wand of iceblast (7)
 o - a wand of light (18)
 x - a wand of flame (31)
 A - a wand of digging (10)
Scrolls
 q - 4 scrolls of blinking
 s - 5 scrolls of identify
 z - 4 scrolls of enchant weapon
Potions
 e - 7 potions of heal wounds
 f - 5 potions of haste
 h - 3 potions of berserk rage
 p - 4 potions of resistance
 r - 4 potions of might
 t - 10 potions of curing
Miscellaneous
 y - a condenser vane


   Skills:
 + Level 11.7 Fighting
 + Level 11.5 Long Blades
 - Level 3.6 Ranged Weapons
 + Level 11.5 Armour
 + Level 12.9 Dodging
 - Level 0.8 Stealth
 + Level 11.5 Shields


You had 9 spell levels left.
You didn't know any spells.
Your spell library contained the following spells:

 Spells                   Type           Power      Damage    Failure   Level
 Apportation              Tloc           0%         N/A       100%        1
 Foxfire                  Conj/Fire      0%         2x1d4     100%        1
 Ensorcelled Hibernation  Hex/Ice        0%         N/A       100%        2
 Sublimation of Blood     Necr           0%         N/A       100%        2
 Portal Projectile        Hex/Tloc       0%         N/A       100%        3
 Tukima's Dance           Hex            0%         N/A       100%        3
 Vhi's Electric Charge    Tloc/Air       0%         N/A       100%        3
 Anguish                  Hex/Necr       0%         N/A       100%        4
 Petrify                  Tmut/Erth      0%         N/A       100%        4
 Alistair's Intoxication  Tmut/Pois      0%         N/A       100%        5
 Arcjolt                  Conj/Air       0%         1d10      100%        5
 Blade Hands              Tmut           0%         N/A       100%        5
 Fireball                 Conj/Fire      0%         3d3       100%        5
 Irradiate                Conj/Tmut      0%         3d11      100%        5
 Plasma Beam              Fire/Air       0%         2x1d11    100%        6
 Starburst                Conj/Fire      0%         6d3       100%        6
 Enfeeble                 Hex            0%         N/A       100%        7
 Monstrous Menagerie      Summ           0%         N/A       100%        7
 Maxwell's Capacitive Co  Air            0%         ∞         100%        8


Dungeon Overview and Level Annotations

Branches:
Dungeon (1/1)

Annotations:
D 1 transporter


Innate Abilities, Weirdness & Mutations

You have an increased reservoir of magic. (+10% MP)
You shall have no god before yourself.
Your divine heritage dramatically boosts your attributes as you level up.
You are clumsy. (Dex -2)
Your flesh is cold resistant. (rC+)
You are frail. (-10% HP)
You are vulnerable to heat. (rF-)
You occasionally lose the ability to drink potions when taking damage.


Message History

The eight-headed hydra bites you but does no damage. x2
The eight-headed hydra bites you. The eight-headed hydra bites you! x2
The eight-headed hydra bites you but does no damage. x6
The rime drake misses the death drake.
You feel much better. The swamp drake breathes poison at you.
The noxious blast engulfs the seven-headed hydra but does no damage.
The seven-headed hydra looks even sicker.
The rime drake is engulfed in noxious fumes.
The rime drake appears confused.
The rime drake bites the death drake but does no damage.
The eight-headed hydra bites you.
The eight-headed hydra bites you but does no damage. x4
The eight-headed hydra bites you. The eight-headed hydra bites you!
You feel threatened and lose the ability to drink potions!
The eight-headed hydra bites you but does no damage. x2
The eight-headed hydra bites you!
The eight-headed hydra bites you but does no damage. x5
The eight-headed hydra bites you!
* * * LOW HITPOINT WARNING * * *
You cannot drink potions in your current state!
You slice one of the eight-headed hydra's heads off!
The seven-headed hydra grows two more!
You slice the nine-headed hydra!!
The nine-headed hydra is moderately wounded.
Your slime creature zombie hits the seven-headed hydra.
The rime drake is engulfed in noxious fumes.
The rime drake appears confused.
The nine-headed hydra bites you but does no damage. x2
The nine-headed hydra bites you.
* * * LOW HITPOINT WARNING * * *
The nine-headed hydra bites you but does no damage. x2
The nine-headed hydra bites you.
* * * LOW HITPOINT WARNING * * *
The nine-headed hydra bites you but does no damage. x3
The eight-headed hydra bites you but does no damage.
The eight-headed hydra bites you!
* * * LOW HITPOINT WARNING * * *
The eight-headed hydra bites you but does no damage. x5
The eight-headed hydra bites you!
You die...

▓..:?[:/..▓...[..|
▓..|[=)/..▓....=)|
▓.........▓.......
▓.........▓.......
▓.k.Z.....▓.......
▓kDD......▓.......
▓kD.......▓.▓.....
▓D▓D....▓.▓....©..
▓@DD.©....▓▓▓▓▓▓▓▓
▓▓▓▓▓▓▓▓▓▓▓


You could see a fire dragon, an ice dragon, a death drake, a nine-headed hydra
(ally target), an eight-headed hydra, a seven-headed hydra (very poisoned), a
swamp dragon, a rime drake (confused), a swamp drake, a steam dragon and a
friendly slime creature zombie.

Vanquished Creatures
  A deep elf knight (D)
  2 deep elf archers (D)
  2 deep elf pyromancers (D)
  3 deep elf zephyrmancers (D)
  2 shining eyes (D)
  3 toenail golems (D)
  An eye of devastation (D)
  A smoke demon (D)
  2 slime creatures (D)
  A water elemental (D)
  A fire elemental (D)
  2 large abominations (D)
  An orc warrior (D)
  An ice beast (D)
  3 earth elementals (D)
  A quasit (D)
  An orc priest (D)
  3 jellies (D)
  4 orc wizards (D)
  2 river rats (D)
  3 white imps (D)
  An ufetubus (D)
  2 orcs (D)
  2 endoplasms (D)
45 creatures vanquished.

Vanquished Creatures (collateral kills)
  A thrashing horror (D)
  A deep elf zephyrmancer (D)
  A slime creature (D)
  An earth elemental (D)
  An orc priest (D)
  A river rat (D)
  A white imp (D)
  A jackal (D)
8 creatures vanquished.

Vanquished Creatures (others)
  4 elf zombies (D)
  An ice beast zombie (D)
  2 jelly zombies (D)
  An endoplasm zombie (D)
  5 orc zombies (D)
  2 river rat zombies (D)
15 creatures vanquished.

Grand Total: 68 creatures vanquished

Notes
Turn   | Place    | Note
-------+----------+-------------------------------------------
     0 | D        | Heoruswealwe the Demigod Hunter began the quest for the
                  | Orb.
     0 | D        | Reached XP level 1. HP: 17/17 MP: 3/3
    13 | D        | Found the +6 Majin-Bo {spellvamp, MP+6 Int+6}
    13 | D        | Found the +27 heavy crossbow "Sniper" {heavy, Acc+∞ SInv}
    13 | D        | Found the +10 dark maul {heavy}
    13 | D        | Found the +15 Maxwell's patent armour {-Cast -Tele rElec
                  | Will+ rCorr}
    13 | D        | Found the +18 shield of the Gong {Loud rN+ Will+ rCorr
                  | EV-5}
    13 | D        | Found the +16 obsidian axe {drain, demonic, Mesm Drain Fly
                  | SInv}
    13 | D        | Found the +7 great mace "Firestarter" {flame, immolate,
                  | rFlCloud rF++}
    13 | D        | Found the +6 shillelagh "Devastator" {shatter}
    13 | D        | Found the +11 plutonium sword {Contam Stlth-}
    13 | D        | Found the +8 lance "Wyrmbane" {slay drac, rPois rF+ rC+
                  | AC+3}
    13 | D        | Found the +9 sword of Zonguldrok {reap}
    13 | D        | Found the +13 scythe of Curses {drain, curses, Drain}
    13 | D        | Found the +9 sword of Power {lifebolt}
    13 | D        | Found the +7 mace of Variability {chaos, chaos arc}
    13 | D        | Found the +11 Singing Sword {sonic wave}
    13 | D        | Found the +8 storm bow {elec, penet}
    14 | D        | Found a transporter.
   112 | D        | Reached skill level 3 in Dodging
   112 | D        | Reached XP level 2. HP: 26/26 MP: 4/4
   113 | D        | Entered arena 2.
   113 | D        | Noticed an ice beast
   113 | D        | Found a transporter.
   122 | D        | Killed an ice beast
   123 | D        | Reached skill level 4 in Dodging
   123 | D        | Reached XP level 3. HP: 23/34 MP: 5/5
   123 | D        | Reached XP level 4. HP: 27/41 MP: 6/6
   180 | D        | Entered arena 3.
   180 | D        | Found a transporter.
   201 | D        | Got the amulet "Megoydef" {Fly Regen+ Stlth+}
   220 | D        | Entered arena 4.
   220 | D        | Noticed a slime creature
   220 | D        | Found a transporter.
   224 | D        | Reached skill level 5 in Dodging
   225 | D        | Reached skill level 5 in Fighting
   225 | D        | Reached XP level 5. HP: 48/48 MP: 7/7
   233 | D        | Killed a slime creature
   234 | D        | Reached skill level 5 in Long Blades
   234 | D        | Reached skill level 5 in Armour
   234 | D        | Reached skill level 6 in Dodging
   234 | D        | Reached skill level 5 in Shields
   234 | D        | Reached XP level 6. HP: 57/57 MP: 8/8
   241 | D        | Got the ring "Tumn" {Fly rC+ Int+3 SInv}
   246 | D        | Entered arena 5.
   246 | D        | Found a transporter.
   265 | D        | Entered arena 6.
   265 | D        | Noticed a deep elf archer
   265 | D        | Noticed a water elemental
   265 | D        | Noticed a fire elemental
   265 | D        | Noticed a deep elf zephyrmancer
   265 | D        | Noticed a deep elf zephyrmancer
   265 | D        | Found a transporter.
   267 | D        | Killed a deep elf zephyrmancer
   268 | D        | Reached skill level 7 in Dodging
   268 | D        | Reached XP level 7. HP: 56/66 MP: 9/9
   272 | D        | Killed a water elemental
   280 | D        | Killed a deep elf zephyrmancer
   281 | D        | Reached skill level 8 in Dodging
   281 | D        | Reached XP level 8. HP: 38/74 MP: 10/10
   289 | D        | Killed a deep elf archer
   326 | D        | Entered arena 7.
   326 | D        | Noticed a deep elf archer
   326 | D        | Noticed a deep elf pyromancer
   326 | D        | Noticed a deep elf zephyrmancer
   326 | D        | Noticed a deep elf knight
   326 | D        | Noticed a deep elf pyromancer
   326 | D        | Noticed a deep elf zephyrmancer
   327 | D        | Found a transporter.
   332 | D        | Killed a deep elf archer
   333 | D        | Reached skill level 9 in Dodging
   333 | D        | Reached XP level 9. HP: 64/83 MP: 11/11
   340 | D        | Killed a deep elf zephyrmancer
   341 | D        | Killed a deep elf pyromancer
   343 | D        | Killed a deep elf zephyrmancer
   346 | D        | Killed a deep elf pyromancer
   347 | D        | Reached skill level 10 in Fighting
   347 | D        | Reached skill level 10 in Dodging
   351 | D        | Killed a deep elf knight
   352 | D        | Reached skill level 10 in Long Blades
   352 | D        | Reached skill level 10 in Armour
   352 | D        | Reached skill level 10 in Shields
   352 | D        | Reached XP level 10. HP: 42/94 MP: 13/13
   397 | D        | Entered arena 8.
   398 | D        | Found a transporter.
   432 | D        | Entered arena 9.
   432 | D        | Found the +8 trident of the Octopus King {venom, rElec
                  | rPois}
   432 | D        | Found the +8 frozen axe "Frostbite" {freeze, freezing
                  | cloud, *Noise Fly rC+}
   432 | D        | Noticed a toenail golem
   432 | D        | Noticed a toenail golem
   432 | D        | Noticed a toenail golem
   433 | D        | Found a transporter.
   439 | D        | Killed a toenail golem
   441 | D        | Killed a toenail golem
   445 | D        | Killed a toenail golem
   446 | D        | Reached skill level 11 in Dodging
   482 | D        | Entered arena 10.
   482 | D        | Noticed a shining eye
   482 | D        | Noticed a shining eye
   482 | D        | Noticed an eye of devastation
   483 | D        | Found a transporter.
   485 | D        | Gained mutation: You occasionally lose the ability to drink
                  | potions when taking damage. [a shining eye]
   486 | D        | Gained mutation: Your flesh is cold resistant. (rC+) [a
                  | shining eye]
   487 | D        | Gained mutation: You are frail. (-10% HP) [a shining eye]
   489 | D        | Lost mutation: You are frail. (-10% HP) [a shining eye]
   493 | D        | Gained mutation: You are vulnerable to heat. (rF-) [a
                  | shining eye]
   495 | D        | Killed a shining eye
   496 | D        | Killed an eye of devastation
   497 | D        | Gained mutation: You are clumsy. (Dex -2) [a shining eye]
   499 | D        | Gained mutation: You are frail. (-10% HP) [a shining eye]
   501 | D        | Killed a shining eye
   502 | D        | Reached skill level 12 in Dodging
   573 | D        | Got the Opusculum on Bad Luck and the Commander
   588 | D        | Entered arena 11.
   588 | D        | Noticed a thrashing horror
   588 | D        | Noticed a large abomination
   588 | D        | Noticed a smoke demon
   589 | D        | Found a transporter.
   598 | D        | Killed a thrashing horror
   604 | D        | Killed a smoke demon
   606 | D        | Killed a large abomination
   654 | D        | Entered arena 12.
   654 | D        | Noticed a seven-headed hydra
   654 | D        | Noticed a six-headed hydra
   654 | D        | Noticed an eight-headed hydra
   654 | D        | Noticed an ice dragon
   654 | D        | Noticed a death drake
   655 | D        | Noticed a fire dragon
   655 | D        | Noticed a swamp dragon
   656 | D        | Found a transporter.
   667 | D        | HP: 2/87 [eight-headed hydra (7)]
   667 | D        | Mangled by an eight-headed hydra

Illustrated notes

Levels and vault maps discovered:
D:        sprint_v [room_start, room_1, room_2, room_3, room_4, room_5, room_6,
          room_7, room_8, room_9, room_10, room_11, room_12, room_13, room_14,
          room_15, room_16, room_17, room_18, room_19, room_20, room_21,
          room_22, room_23, room_24, room_25, room_26, room_27]

Skill      XL: |  1  2  3  4  5  6  7  8  9 10 |
---------------+-------------------------------+-----
Fighting       | 3 4 5 6 7 8 9 10 11 | 11.7
Long Blades    | 2 3 4 5 6 7 8 10 11 | 11.5
Armour         | 2 3 4 5 6 7 8 10 11 | 11.5
Dodging        | 3 4 5 6 7 8 9 10 12 | 12.9
Shields        | 2 3 4 5 6 7 8 10 11 | 11.5
Ranged Weapons | |  3.6
Stealth        | |  0.8

Action                     |  1- 3 |  4- 6 |  7- 9 | 10-12 || total
---------------------------+-------+-------+-------+-------++-------
  Melee: Double sword      |     8 |    28 |    44 |    75 ||   155
    Use: Potion            |     1 |       |       |     5 ||     6
   Stab: Distracted        |       |       |     1 |     3 ||     4
 Armour: Plate armour      |     4 |     4 |    40 |    88 ||   136
  Dodge: Dodged            |       |       |     2 |     8 ||    10
  Block: Kite shield       |    11 |    29 |    87 |   110 ||   237
